 Dungeon Crawl Stone Soup version 0.24-a0-139-geb6712d (webtiles) character file.

Game seed: 9229719467099541166

18 misha the Twirler (level 2, -2/25 HPs)
             Began as a Minotaur Gladiator on Mar 1, 2019.
             Slain by a hobgoblin (3 damage)
             ... on level 2 of the Dungeon.
             The game lasted 00:01:23 (190 turns).

misha the Twirler (Minotaur Gladiator)               Turns: 190, Time: 00:01:24

Health: -2/25      AC:  3    Str: 18    XL:     2   Next: 51%
Magic:  1/1        EV: 13    Int:  5    God:
Gold:   0          SH:  0    Dex: 11    Spells: 1/1 levels left

rFire    . . .     SeeInvis .   a - +0 quarterstaff
rCold    . . .     Gourm    .   (shield currently unavailable)
rNeg     . . .     Faith    .   b - +0 leather armour
rPois    .         Spirit   .   c - +0 hat
rElec    .         Reflect  .   (no cloak)
rCorr    .         Harm     .   (no gloves)
MR       .....                  (no boots)
Stlth    +.........             (no amulet)
HPRegen  0.08/turn              (no ring)
MPRegen  0.07/turn              (no ring)

@: no status effects
A: retaliatory headbutt, horns 2
a: no special abilities


You were on level 2 of the Dungeon.
You were not hungry.

You visited 1 branch of the dungeon, and saw 2 of its levels.

Inventory:

Hand Weapons
 a - a +0 quarterstaff (weapon)
Missiles
 d - 3 throwing nets (quivered)
Armour
 b - a +0 leather armour (worn)
 c - a +0 hat (worn)
Scrolls
 h - a scroll of blinking {unknown}
Potions
 e - a potion of mutation {unknown}
 g - a potion of brilliance {unknown}
Comestibles
 f - a ration


   Skills:
 + Level 2.6 Fighting
 + Level 4.0 Staves
 + Level 2.1 Throwing
 + Level 3.7 Dodging


You had one spell level left.
You didn't know any spells.
Your spell library was empty.

Dungeon Overview and Level Annotations

Branches:
Dungeon (2/15)

Altars:


Innate Abilities, Weirdness & Mutations

You reflexively headbutt those who attack you in melee.
You have a pair of horns on your head.


Message History

You closely miss the kobold. Your headbutt misses the kobold.
The kobold hits you with a +0 short sword.
* * * LOW HITPOINT WARNING * * *
The kobold closely misses you. The kobold hits you but does no damage.
The kobold closely misses you. You furiously retaliate!
You headbutt the kobold.
There is an escape hatch in the floor here.
The kobold closely misses you. You furiously retaliate!
You headbutt the kobold, but do no damage.
You slide downwards.
The hatch slams shut behind you.
A giant cockroach and a hobgoblin come into view.
The hobgoblin shouts!
You hear an angry hiss.
Found five items.
An adder and a hobgoblin come into view.
The hobgoblin shouts!
The adder hisses angrily.
The kobold hits you with a +0 short sword.
* * * LOW HITPOINT WARNING * * *
The hobgoblin hits you.
You die...

..g ... ..
#.# ## $s##
#=. .S.
##..##g#
+..[.@.##.#
####K.....#
##.#####
#.# #.# #..
###


You could see an adder, a giant cockroach, 2 hobgoblins and a kobold.

Vanquished Creatures
  A dart slug (D:1)
  A leopard gecko (D:1)
  A giant cockroach (D:1)
  5 goblins (D:1)
  3 hobgoblins (D:1)
  A bat (D:1)
  A frilled lizard (D:1)
  A rat (D:1)
14 creatures vanquished.

Notes
Turn   | Place    | Note
-------+----------+-------------------------------------------
     0 | D:1      | misha the Minotaur Gladiator began the quest for the Orb.
     0 | D:1      | Reached XP level 1. HP: 18/18 MP: 0/0
    76 | D:1      | Reached XP level 2. HP: 25/25 MP: 1/1
    99 | D:1      | Reached skill level 4 in Staves
   190 | D:2      | HP: 1/25 [kobold/+0 short sword (6)]
   190 | D:2      | Slain by a hobgoblin

Levels and vault maps discovered:
D:1:      ncdulo_smallfort, layout_basic, minmay_misc_feat_pillars
D:2:      layout_loops_corners, grunt_dithmenos_smoke_and_mirrors,
          nicolae_overflow_hidden_temple, first_ration, minmay_tetromino_o4,
          uniq_robin

Skill      XL: |  1  2 |
---------------+-------+-----
Staves         | 4 |  4.0
Fighting       | |  2.6
Throwing       | |  2.1
Dodging        | |  3.7

Action                   || total
-------------------------++-------
Melee: Quarterstaff      ||    12
       Headbutt          ||     2
Armor: Leather armour    ||     7
Dodge: Dodged            ||    33

Table legend:
 A = Non-vault XP
 B = Vault XP
 C = Vault XP percentage of total XP
 D = Non-vault monster count
 E = Vault monster count
 F = Vault count percentage of total count
                 A         B        C        D         E       F
            +---------+---------+-------+---------+---------+-------
      Total |      27 |       0 |   0.0 |      14 |       0 |   0.0
            +---------+---------+-------+---------+---------+-------
        D:1 |      27 |       0 |   0.0 |      14 |       0 |   0.0
            +---------+---------+-------+---------+---------+-------
